 Dungeon Crawl Stone Soup version 0.22-a0-571-g4a923d4 (webtiles) character file.

117 iamserjio the Shield-Bearer (level 5, 0/33 HPs)
             Began as a Gargoyle Fighter on July 1, 2018.
             Slain by a worker ant (2 damage)
             ... on level 4 of the Dungeon.
             The game lasted 00:02:03 (300 turns).

iamserjio the Shield-Bearer (Gargoyle Fighter)       Turns: 300, Time: 00:02:04

Health: 0/33       AC: 11    Str: 19    XL:     5   Next: 1%
Magic:  5/5        EV:  7    Int: 14    God:
Gold:   15         SH:  9    Dex: 10    Spells: 4/4 levels left

rFire    . . .     SeeInvis .   a - +0 war axe
rCold    . . .     Gourm    .   c - +0 shield
rNeg     + . .     Faith    .   i - +0 scale mail {rPois}
rPois    ∞         Spirit   .   (no helmet)
rElec    +         Reflect  .   (no cloak)
rCorr    .         Harm     .   (no gloves)
MR       .....                  (no boots)
Stlth    ..........             (no amulet)
HPRegen  0.11/turn              (no ring)
MPRegen  0.09/turn              (no ring)

@: brilliant, berserk cooldown, slowed, very slow
A: negative energy resistance 1, electricity resistance, unbreathing,
petrification resistance, rot immunity, AC +4
a: no special abilities


You were on level 4 of the Dungeon.
You were not hungry.

You visited 1 branch of the dungeon, and saw 4 of its levels.

You collected 15 gold pieces.

Inventory:

Hand Weapons
 a - a +0 war axe (weapon)
Armour
 b - a +0 scale mail
 c - a +0 shield (worn)
 i - a +0 scale mail of poison resistance (worn)
Scrolls
 h - a scroll of identify {unknown}
 j - a scroll of enchant armour {unknown}
Potions
 d - a potion of might
Comestibles
 f - 2 rations


   Skills:
 + Level 4.0 Fighting
 * Level 3.1 Axes
 + Level 4.0 Armour
 + Level 4.0 Shields


You had 4 spell levels left.
You didn't know any spells.
Your spell library was empty.

Dungeon Overview and Level Annotations

Branches:
Dungeon (4/15)
 Temple: D:4-7

Altars:


Innate Abilities, Weirdness & Mutations

You are resistant to torment.
Your stone body is resilient. (AC +4)
You are immune to poison.
You resist negative energy. (rN+)
You are resistant to electric shocks. (rElec)
You can survive without breathing.
You are immune to petrification.
You are immune to rotting.


Message History

You hit the worker ant. You block the orc wizard's attack.
The worker ant bites you.
* * * LOW HITPOINT WARNING * * *
You barely miss the worker ant.
The worker ant is moderately wounded.
You slash the orc wizard!
You kill the orc wizard!
Your Fighting skill increases to level 4!
Your Axes skill increases to level 3!
Your Armour skill increases to level 4!
Your Shields skill increases to level 4!
You have reached level 5!
You are no longer berserk.
You are exhausted.
You feel yourself slow down. You block the worker ant's attack.
You closely miss the worker ant.
The worker ant is moderately wounded.
The worker ant barely misses you. The worker ant bites you.
You die...

#.# ... #.###.#
####.##..#
#.......#
#.......###.####
#.....<........
#..†....#####.###..
#<.).....####..$..
#......@.)....#
#.....)a###.#.#
##.##..## #.#
#.##..# #.# #.##..#
#.# #....$. #.#
#.##.... #.#
........# ........#


You could see a worker ant.

Vanquished Creatures
  An orc wizard (D:4)
  Terence (D:3)
  A worker ant (D:4)
  2 oozes (D:3)
  A leopard gecko (D:1)
  2 orcs (D:4)
  A goblin (D:1)
  2 hobgoblins
  3 jackals (D:2)
  2 quokkas (D:3)
  A bat (D:3)
  2 frilled lizards
  2 kobolds
  4 rats
25 creatures vanquished.

Notes
Turn   | Place    | Note
-------+----------+-------------------------------------------
     0 | D:1      | iamserjio the Gargoyle Fighter began the quest for the Orb.
     0 | D:1      | Reached XP level 1. HP: 14/14 MP: 1/1
   106 | D:2      | Reached XP level 2. HP: 14/19 MP: 2/2
   185 | D:3      | Reached XP level 3. HP: 14/23 MP: 3/3
   214 | D:3      | Noticed Terence
   229 | D:3      | Killed Terence
   269 | D:4      | Reached XP level 4. HP: 7/29 MP: 4/4
   298 | D:4      | HP: 1/43 [worker ant (4)]
   299 | D:4      | Reached XP level 5. HP: 1/33 MP: 5/5
   300 | D:4      | Slain by a worker ant

Vault maps used:
D:1:      lightli_arrival_boilingwater, serial_glass, glass_columns_a,
          glass_columns_c
D:3:      dk_noncrumbling_3, uniq_terence
D:4:      uniq_sigmund

Skill      XL: |  1  2  3  4 |
---------------+-------------+-----
Axes           | 2 3 |  3.1
Fighting       | 4 |  4.0
Armour         | 4 |  4.0
Shields        | 4 |  4.0

Action                   |  1- 3 |  4- 6 || total
-------------------------+-------+-------++-------
Melee: War axe           |    74 |    12 ||    86
  Use: Potion            |       |     2 ||     2
Armor: Scale mail        |    38 |     8 ||    46
Dodge: Dodged            |    28 |     6 ||    34
Block: Shield            |    49 |     4 ||    53

Table legend:
 A = Spawn XP
 B = Non-spawn XP
 C = Spawn XP percentage of total XP
 D = Spawn monster count
 E = Non-spawn monster count
 F = Spawn count percentage of total count
 G = Total turns spent on level
                    A         B        C        D         E        F      G
               +---------+---------+-------+---------+---------+-------+---------
         Total |       0 |     168 |   0.0 |       0 |      25 |   0.0 |   300
               +---------+---------+-------+---------+---------+-------+---------
           D:1 |       0 |       9 |   0.0 |       0 |       5 |   0.0 |    92
           D:2 |       0 |       6 |   0.0 |       0 |       3 |   0.0 |    41
           D:3 |       0 |      64 |   0.0 |       0 |      12 |   0.0 |   128
           D:4 |       0 |      89 |   0.0 |       0 |       5 |   0.0 |    39
               +---------+---------+-------+---------+---------+-------+---------
